[Event "Serbian League 2024"]
[Site "Bajina Basta"]
[Date "2024.09.28"]
[Round "2.33"]
[White "Bogosavljevic, Boban"]
[Black "Maksimovic, Bojan"]
[Result "0-1"]
[ECO "E62"]
[WhiteElo "2486"]
[BlackElo "2503"]
[Annotator "TA"]
[PlyCount "64"]
[EventDate "2024.09.26"]
[EventType "team-tourn"]
[EventCountry "SRB"]
[SourceTitle "playchess.com"]
[Source "ChessBase"]
[SourceQuality "1"]
[TimeControl "40/5400+30:1800+30"]

1. Nf3 Nf6 2. g3 g6 3. Bg2 Bg7 4. O-O O-O 5. c4 d6 6. d4 c6 7. Nc3 Bf5 8. Re1 Ne4 9. Qb3 Nxc3 10. bxc3 Bc8 11. e4 c5 12. e5 Nc6 $1 {[%emt 0:00:30] The position is equal.} 13. exd6 exd6 14. Bg5 Qc7 15. Rad1 Na5 16. Re7 (16. Qc2 {is more complex.} Nxc4 17. Re7 Qa5 18. dxc5 Qxc5 19. Qc1) 16... Qxe7 17. Bxe7 Nxb3 18. Bxf8 Kxf8 19. axb3 Bf5 20. dxc5 dxc5 21. Ng5 Bxc3 22. Bxb7 Re8 {[%emt 0:00:30] Hoping for ...f6.} 23. Nxh7+ Kg7 24. Ng5 f6 25. Nf3 (25. Bc6 $1 $11 Re2 26. Nf3) 25... Rb8 $15 26. Bc6 (26. g4 $1 $15) 26... Rxb3 $17 27. Kg2 Rb6 28. Bd5 {[%emt 0:00:30][%mdl 8192] Loses the game.} (28. Ba4 $17 {is more resistant.}) 28... Rb1 $19 29. Rxb1 Bxb1 {[%emt 0:00:30] This pair of bishops is nice.} 30. Ng1 $2 (30. Bc6 {was the only defense.}) 30... a5 {[%emt 0:00:30] [#] ...a4 would now be deadly. Black is clearly winning.} 31. Ne2 Bd2 {[%emt 0:00:30] aiming for ...a4.} 32. Bc6 Bc2 {[%emt 0:00:30] Prevents Ba4.   Weighted Error Value: White=0.44/Black=0.02 (flawless) .  Loses game:     	White=1     	---        Mistake:       	White=3     	---        Inaccurate:     	White=2     	Black=1      OK:         	White=7     	Black=11     Best:        	White=1     	Black=4      Strong:       	---       	Black=1} 0-1

[Event "Serbian League 2024"]
[Site "Bajina Basta"]
[Date "2024.09.28"]
[Round "2.34"]
[White "Pap, Misa"]
[Black "Zajic, Milan"]
[Result "1-0"]
[ECO "C11"]
[WhiteElo "2389"]
[BlackElo "2404"]
[Annotator "ChessBase"]
[PlyCount "72"]
[EventDate "2024.09.26"]
[EventType "team-tourn"]
[EventCountry "SRB"]
[SourceTitle "playchess.com"]
[Source "ChessBase"]
[SourceQuality "1"]
[TimeControl "40/5400+30:1800+30"]

1. e4 e6 2. d4 d5 3. Nc3 Nf6 4. e5 Nfd7 5. f4 c5 6. Nf3 Nc6 7. Be3 cxd4 8. Nxd4 Bc5 9. Qd2 Nxd4 10. Bxd4 Bxd4 11. Qxd4 Qb6 12. O-O-O Qxd4 13. Rxd4 a6 14. Be2 Nb8 15. Re1 Nc6 16. Rd2 Bd7 17. Bf3 O-O 18. h4 Rac8 19. h5 h6 20. g4 g5 21. fxg5 hxg5 22. Bd1 Kg7 23. b3 Rc7 24. Kb2 f6 25. exf6+ Rxf6 26. Na4 Ne7 27. Nb6 Be8 28. c4 Bf7 29. a4 Rf4 30. Rc2 Ng8 31. a5 d4 32. b4 Nf6 33. Rg2 Ne4 34. Bc2 Nf6 35. Bd1 Ne4 36. Bc2 Nf6 1-0

[Event "Serbian League 2024"]
[Site "Bajina Basta"]
[Date "2024.09.28"]
[Round "2.35"]
[White "Roganovic, Milos"]
[Black "Damljanovic, Branko"]
[Result "1/2-1/2"]
[ECO "C50"]
[WhiteElo "2434"]
[BlackElo "2354"]
[Annotator "ChessBase"]
[PlyCount "111"]
[EventDate "2024.09.26"]
[EventType "team-tourn"]
[EventCountry "SRB"]
[SourceTitle "playchess.com"]
[Source "ChessBase"]
[SourceQuality "1"]
[TimeControl "40/5400+30:1800+30"]

1. e4 e5 2. Nf3 Nc6 3. Bc4 Be7 4. d4 d6 5. h3 Nf6 6. Nc3 O-O 7. O-O a6 8. a4 Bd7 9. Re1 Rb8 10. d5 Na7 11. Be3 Nc8 12. a5 Kh8 13. b4 Ra8 14. Bd3 Ng8 15. Kh2 Qe8 16. Ne2 Bd8 17. g4 Nce7 18. Ng3 g6 19. Rg1 f5 20. gxf5 gxf5 21. exf5 Nxd5 22. Qd2 Nxe3 23. fxe3 d5 24. e4 c6 25. Rg2 Bf6 26. Rag1 Qf7 27. Ng5 Bxg5 28. Qxg5 Nf6 29. Qh4 Rg8 30. Be2 Raf8 31. Bh5 Qe7 32. Kh1 Rg7 33. exd5 Nxd5 34. Qxe7 Rxe7 35. Ne4 Bxf5 36. Nd6 Be6 37. Rg5 Nf4 38. Re1 Bd5+ 39. Kh2 Nxh5 40. Rxh5 Rf2+ 41. Kg3 Rf3+ 42. Kh2 Rf6 43. Nf5 Re8 44. Ne3 Bf3 45. Rg5 e4 46. Reg1 Rd6 47. h4 Rf8 48. Nf5 Rg6 49. Rxg6 hxg6 50. Ne7 Bh5 51. Nxg6+ Bxg6 52. Rxg6 Rf2+ 53. Kg3 Rxc2 54. Re6 c5 55. Rxe4 cxb4 56. Rxb4 1/2-1/2

[Event "Serbian League 2024"]
[Site "Bajina Basta"]
[Date "2024.09.28"]
[Round "2.36"]
[White "Ivanovic, Marko"]
[Black "Pezelj, Novak"]
[Result "1/2-1/2"]
[ECO "C88"]
[WhiteElo "2240"]
[BlackElo "2460"]
[Annotator "TA"]
[PlyCount "81"]
[EventDate "2024.09.26"]
[EventType "team-tourn"]
[EventCountry "SRB"]
[SourceTitle "playchess.com"]
[Source "ChessBase"]
[SourceQuality "1"]
[TimeControl "40/5400+30:1800+30"]

1. e4 e5 2. Nf3 Nc6 3. Bb5 a6 4. Ba4 Nf6 5. O-O Be7 6. Re1 b5 7. Bb3 O-O 8. d3 Bb7 9. Nbd2 Re8 10. Nf1 Bf8 11. Bg5 Na5 12. d4 Nxb3 (12... Bxe4 $2 13. Rxe4 (13. Nxe5 Nxb3 14. axb3 Bg6 $16) 13... Nxb3 14. axb3 $18) 13. axb3 d6 (13... Bxe4 $2 {too greedy.} 14. Rxe4 (14. dxe5 h6 $18) (14. Nxe5 Bb7 $14) 14... Be7 15. Rxe5 $18 (15. Bxf6 Bxf6 16. dxe5 d6 $18)) 14. dxe5 dxe5 15. Qxd8 Raxd8 16. Bxf6 gxf6 17. Ng3 Bc5 18. Rad1 Kf8 19. h3 Rd6 20. Rxd6 cxd6 21. Nh2 d5 ({Better is} 21... Rc8 $11) 22. exd5 $14 Bxd5 23. Ng4 Be7 {[%emt 0:10:24] [#]} 24. Nh5 $1 Rc8 25. Ngxf6 Be6 26. c3 ({But not} 26. Rxe5 $6 Bxf6 27. Nxf6 Rxc2 $11) 26... Bxf6 27. Nxf6 $16 {[%emt 0:00:19][%mdl 4096] Endgame. KRB-KRN} Ke7 28. Ne4 ({Worse is} 28. Nxh7 f6 $15) 28... Bxb3 29. Nd2 Be6 30. Rxe5 b4 31. Ne4 bxc3 32. Nxc3 Kf6 33. f4 Rc4 34. Ne4+ Kg7 35. Ng5 Bc8 36. Re4 Rc7 37. Re2 Bb7 38. Kf2 (38. Ne4 $14 {might be stronger.}) 38... h6 39. Nf3 Rc4 {[%emt 0:00:27] Repels Nd4} 40. g3 Rb4 41. Ne5 {[%emt 0:35:34] Weighted Error Value: White=0.08 (flawless) /Black=0.10 (very precise) .  Mistake:       	White=1     	Black=1      Inaccurate:     	White=4     	Black=4      OK:         	White=10    	Black=12     Best:        	White=3     	Black=1      Strong:       	White=1     	---} 1/2-1/2

[Event "Serbian League 2024"]
[Site "Bajina Basta"]
[Date "2024.09.30"]
[Round "4.1"]
[White "Adhiban, B.."]
[Black "Predke, Alexandr"]
[Result "1/2-1/2"]
[ECO "C54"]
[WhiteElo "2537"]
[BlackElo "2671"]
[Annotator "RC"]
[PlyCount "20"]
[EventDate "2024.09.26"]
[EventType "team-tourn"]
[EventCountry "SRB"]
[SourceTitle "playchess.com"]
[Source "ChessBase"]
[SourceQuality "1"]
[TimeControl "40/5400+30:1800+30"]

1. e4 e5 2. Nf3 Nc6 3. Bc4 Nf6 4. d3 h6 5. c3 Bc5 6. a4 a5 7. Be3 Bxe3 8. fxe3 O-O 9. O-O d6 10. Nbd2 Ne7 1/2-1/2

[Event "Serbian League 2024"]
[Site "Bajina Basta"]
[Date "2024.09.30"]
[Round "4.2"]
[White "Puranik, Abhimanyu"]
[Black "Can, Emre"]
[Result "1-0"]
[ECO "A20"]
[WhiteElo "2639"]
[BlackElo "2547"]
[Annotator "TA"]
[PlyCount "93"]
[EventDate "2024.09.26"]
[EventType "team-tourn"]
[EventCountry "SRB"]
[SourceTitle "playchess.com"]
[Source "ChessBase"]
[SourceQuality "1"]
[TimeControl "40/5400+30:1800+30"]

1. c4 e5 2. g3 Nf6 3. Bg2 c6 4. d4 Bb4+ 5. Bd2 Bxd2+ 6. Qxd2 d6 7. Nc3 O-O 8. dxe5 dxe5 9. Qxd8 Rxd8 10. Nf3 {[%emt 0:00:01] White is slightly better.} Re8 11. b4 Bf5 12. Nd2 Nbd7 13. Nb3 e4 14. O-O Ne5 15. c5 Rad8 16. Rfd1 Kf8 17. Na5 Rb8 18. Rd4 b6 19. Nb3 Ned7 20. Rd6 bxc5 21. bxc5 Re5 22. Rxc6 Be6 23. Nd4 Nxc5 24. Rc7 {[%emt 0:00:48][%cal Od4c6] [#] Nc6! is the strong threat.} Rb7 25. Rxb7 Nxb7 26. Nc6 Rc5 27. Nxe4 (27. Nxa7 $2 Rxc3 28. Nb5 Rc5 $19) 27... Nxe4 28. Bxe4 Nd6 {[%emt 0:00:21] [#]} 29. Rd1 $1 Ne8 30. a3 a5 31. f4 {[%emt 0:03:34][%cal Od1d8] White is more active.} Bb3 32. Rd8 Ba4 33. Ne5 Ke7 (33... Bb5 $142 34. Kf2 (34. Bxh7 g6 $14) 34... f6) 34. Ra8 $18 Nd6 35. Ra7+ Kf8 36. Bd3 f6 37. Nf3 Bb3 38. Nd4 Bf7 39. Ra6 (39. Bxh7 $6 g6) 39... Ne8 40. Nb5 Bg6 41. Bxg6 ({Don't do} 41. Rxa5 $6 Bxd3 42. exd3 Rd5) 41... Rxb5 (41... hxg6 $142 42. a4 (42. Rxa5 g5 $11) 42... g5) 42. Bxh7 {[%emt 0:00:00] KRB-KRN} f5 (42... Nc7 $142 43. Rc6 Rb7) 43. Bg6 {[%emt 0:00:00] And now Ra8 would win.} Nf6 44. Ra7 Rb1+ 45. Kg2 Rb2 46. Bxf5 Rxe2+ 47. Kh3 {[%emt 0:00:00] Weighted Error Value: White=0.05 (flawless) /Black=0.17 (very precise) .  Mistake:       	---       	Black=3      Inaccurate:     	---       	Black=2      OK:         	White=24    	Black=10     Best:        	White=4     	Black=2} 1-0

[Event "Serbian League 2024"]
[Site "Bajina Basta"]
[Date "2024.09.30"]
[Round "4.3"]
[White "Bogosavljevic, Boban"]
[Black "Gagunashvili, Merab"]
[Result "0-1"]
[ECO "A11"]
[WhiteElo "2486"]
[BlackElo "2550"]
[Annotator "TA"]
[PlyCount "80"]
[EventDate "2024.09.26"]
[EventType "team-tourn"]
[EventCountry "SRB"]
[SourceTitle "playchess.com"]
[Source "ChessBase"]
[SourceQuality "1"]
[TimeControl "40/5400+30:1800+30"]

1. Nf3 d5 {[%emt 0:00:04][%cal Bd7d5,Bd5c4,Bc4c3][%mdl 32] EV=15.85. Goes to c3 (dbg))} 2. g3 c6 3. Bg2 Bg4 4. O-O Nd7 5. d3 Ngf6 6. c4 dxc4 $1 {[%emt 0:01:17][%mdl 4] is kansrijker dan 6...e6. A11: Engelse Opening: 1...c6.} 7. d4 $146 {[%emt 0:06:17] Onnauwkeurig} ({Predecessor:} 7. dxc4 e5 8. Nc3 h6 9. Qc2 Qc7 10. b3 Bc5 11. Bb2 O-O 12. Rad1 Rfe8 13. Nh4 Bf8 14. Nf5 g6 15. Ne3 {0-1 Sindarov,J (2681)-Yakubboev,N (2617) Tashkent Zakovat Gambit blitz 2023 (10)}) 7... e6 {[%emt 0:14:37] OK} 8. a4 a5 {[%emt 0:05:07] De stelling is in evenwicht.} 9. Na3 {[%emt 0:04:08] Fout (0.9)} (9. Qc2 $11) {Zwart zou moeten spelen} 9... Bxf3 {[%emt 0:06:26] Fout (1.4)} (9... Bxa3 $1 $17 10. Rxa3 O-O) 10. Bxf3 $14 Nb6 11. b3 {[%emt 0:06:14][%mdl 1024] Wit heeft compensatie. Onnauwkeurig} c3 $1 {[%emt 0:02:39] Sterk} 12. Qd3 {[%emt 0:01:04] Fout (0.6)} (12. Qc2 $1 $11) 12... Bb4 $17 {[%emt 0:01:03] Beste (Gemakkelijk)} 13. Nc2 {[%emt 0:01:26] Houdt de partij in balans. Fout (0.8)} (13. Rd1 $1 $11) 13... O-O {[%emt 0:01:13] Onnauwkeurig} {Wit zou moeten proberen} 14. e4 {[%emt 0:12:10] Fout (0.8)} (14. Ba3 $1 $15 Qe7 15. Bxb4 axb4 16. a5) 14... e5 15. Rd1 Nbd7 {[%emt 0:02:03] OK} 16. Bg2 {[%emt 0:08:56] OK} Qe7 17. dxe5 Nxe5 18. Qe2 {[%emt 0:00:02] OK} Rfd8 {[%emt 0:03:58] met als doel voor ...Rxd1+.} 19. Be3 {[%emt 0:00:58] Beste} Rxd1+ 20. Rxd1 Rd8 21. Rxd8+ {[%emt 0:01:42] OK} Qxd8 22. Bd4 {[%emt 0:00:02] Onnauwkeurig} Qd6 {[%emt 0:05:35] Zwart is actiever. OK} 23. h3 {[%emt 0:05:22] pakt misschien beter uit. Fout (0.8)} (23. Qe1 $17 Nfd7 24. Bxc3) 23... c5 {[%emt 0:10:20] Fout (0.8)} (23... Nfd7 $19 {...Nc5 is de sterke dreiging.} 24. f4 Bc5) 24. Be3 {[%emt 0:00:44] Fout (0.7)} (24. Bxe5 $17 Qxe5 25. Ne3) {Beter is} 24... Nc6 {[%emt 0:06:03] Fantastisch paardenconcours. Fout (0.5)} (24... Qe6 $19 25. Qb5 Qxb3 26. Qxb7 Qxa4 (26... Qxc2 27. Qc8+) (26... Qb1+ 27. Kh2 $17) 27. Qb8+ Qe8) 25. Kh1 {[%emt 0:05:13] was een poging waard. Fout (0.8)} (25. f4 $17 Qe6 (25... Nd4 26. Qd1 $17) 26. e5) 25... Qe6 26. Qb5 {[%emt 0:02:11] [#] Beste} Qd7 $36 {[%emt 0:01:33][%mdl 2048] Wit staat onder grote druk. OK} ({Speel niet} 26... Qxb3 27. Qxb7 Qe6 (27... Qxa4 $2 {te hebberig.} 28. Qc8+ $18) 28. Qa8+ Qe8 29. Qxe8+ Nxe8 30. f4 $17) 27. Kh2 {[%emt 0:01:00] [#]} Nd4 $1 {[%emt 0:00:46] OK} 28. Bxd4 {[%emt 0:01:36] OK} cxd4 29. Qd3 {[%emt 0:00:02] OK} Bc5 {[%emt 0:01:04] OK} 30. e5 {[%emt 0:00:14] OK} Ne8 {[%emt 0:00:15] OK} 31. Be4 g6 32. Ne3 $2 {[%emt 0:01:00] was hoogst noodzakelijk. Fout (1.8)} (32. Qc4 b6 33. Kg2) 32... Qe6 $19 {[%emt 0:01:01] OK} 33. Nc4 b6 {[%emt 0:00:14] En nu zou ...f5 winnen. OK} 34. f4 {[%emt 0:00:29] kan gunstig zijn. Fout (1.4)} (34. g4) 34... f5 {[%emt 0:00:45] Beste} 35. Bf3 Nc7 {[%emt 0:00:20] OK. Zwart is duidelijk aan het winnen.} 36. h4 {[%emt 0:00:32] Onnauwkeurig} Kg7 37. Be2 Nd5 38. Bd1 Nb4 39. Qf3 {[%emt 0:00:21] OK} d3 {[%emt 0:00:26] Wit moet nu ...c2 voorkomen.} 40. Qb7+ Qe7 {[%emt 0:00:13] Blunder waarde: Wit=0.60/Zwart=0.20 (precies) .  Fout:        	Wit=9      	Zwart=3      Onnauwkeurig:    	Wit=4      	Zwart=1      OK:         	Wit=7      	Zwart=10     Beste:        	Wit=2      	Zwart=2      Sterk:        	---       	Zwart=1} 0-1

[Event "Serbian League 2024"]
[Site "Bajina Basta"]
[Date "2024.09.30"]
[Round "4.4"]
[White "Draskovic, Luka"]
[Black "Zajic, Milan"]
[Result "0-1"]
[ECO "D11"]
[WhiteElo "2497"]
[BlackElo "2404"]
[Annotator "RC"]
[PlyCount "158"]
[EventDate "2024.09.26"]
[EventType "team-tourn"]
[EventCountry "SRB"]
[SourceTitle "playchess.com"]
[Source "ChessBase"]
[SourceQuality "1"]
[TimeControl "40/5400+30:1800+30"]

1. Nf3 d5 2. g3 Nf6 3. Bg2 c6 4. O-O Bg4 5. d4 e6 6. c4 Nbd7 7. Nc3 Bd6 8. Qb3 Rb8 9. Nd2 O-O 10. e4 dxe4 11. Ndxe4 Bc7 12. Be3 a5 13. h3 Bf5 14. Nxf6+ Nxf6 15. Rad1 Qe7 16. a3 b5 17. cxb5 Nd5 18. Nxd5 exd5 19. a4 Be6 20. Rc1 cxb5 21. axb5 Qd7 22. Qd3 Bd8 23. Rc6 Qb7 24. Rc5 Be7 25. Bf4 Bxc5 26. Bxb8 Rxb8 27. dxc5 Qxb5 28. Qxb5 Rxb5 29. Rc1 Kf8 30. Bf1 Rxb2 31. Ra1 Rc2 32. Rxa5 d4 33. Ra4 Rc1 34. Kg2 Bd5+ 35. f3 Rc2+ 36. Kg1 Bxf3 37. Rxd4 Rxc5 38. Rd2 Bd5 39. Bg2 Be6 40. h4 Ke7 41. Kh2 f5 42. Bf3 g6 43. Kg2 h6 44. Rb2 g5 45. hxg5 hxg5 46. Kf2 Kf6 47. Bg2 Rc3 48. Rd2 Bc4 49. Rb2 Bd3 50. Ra2 Ke5 51. Ra5+ Kd4 52. Rd5+ Kc4 53. Rd8 Rc2+ 54. Kg1 Rb2 55. Rg8 Be4 56. Bf1+ Kd4 57. Rxg5 Ke3 58. Rh5 Rb1 59. Rh3 Bf3 60. Rh8 Bc6 61. Rf8 Be4 62. g4 fxg4 63. Re8 Kf3 64. Rf8+ Kg3 65. Rd8 Rb2 66. Re8 Bf3 67. Rh8 Rb6 68. Rh7 Re6 69. Rh8 Rd6 70. Rh7 Rd1 71. Rh3+ Kf4 72. Rh2 Bd5 73. Rf2+ Kg3 74. Rg2+ Kf4 75. Rf2+ Bf3 76. Rb2 g3 77. Rb4+ Be4 78. Ra4 Rd2 79. Ra1 Rh2 0-1

[Event "Serbian League 2024"]
[Site "Bajina Basta"]
[Date "2024.09.30"]
[Round "4.5"]
[White "Roganovic, Milos"]
[Black "Bryakin, Mikhail"]
[Result "1/2-1/2"]
[ECO "C42"]
[WhiteElo "2434"]
[BlackElo "2438"]
[Annotator "TA"]
[PlyCount "69"]
[EventDate "2024.09.26"]
[EventType "team-tourn"]
[EventCountry "SRB"]
[SourceTitle "playchess.com"]
[Source "ChessBase"]
[SourceQuality "1"]
[TimeControl "40/5400+30:1800+30"]

1. e4 e5 2. Nf3 Nf6 3. Nxe5 Nxe4 4. Qe2 Qe7 5. Qxe4 d6 6. d4 dxe5 7. dxe5 (7. Qxe5 {simplifies} Qxe5+ 8. dxe5 Nc6 9. Bf4) 7... Nc6 8. Nc3 Qxe5 9. Bf4 Qxe4+ 10. Nxe4 Bf5 11. Bd3 O-O-O {[%emt 0:02:02] [#] Threatens to win with ...Bxe4.} 12. O-O-O Bg6 {[%emt 0:05:12] Strongly threatening ...Rd4.} ({Of course not} 12... Nb4 13. Nd6+ Bxd6 14. Bxf5+ Kb8 15. Bxd6 Rxd6 16. Rxd6 cxd6 17. a3 $14) 13. Ng5 Bd6 ({But not} 13... Bxd3 $6 14. Nxf7 Re8 15. Rxd3 $16 (15. Nxh8 Bc4 $14)) 14. Bg3 Bxg3 15. hxg3 {[%emt 0:00:13] The position is equal.} h6 16. Bxg6 Rxd1+ 17. Rxd1 fxg6 $11 {[%emt 0:00:05][%mdl 4096] Endgame. KRN-KRN} 18. Ne4 b6 19. c3 Rd8 20. Rxd8+ Kxd8 {[%emt 0:00:19] KN-KN} 21. Kd2 Kd7 22. b3 Ke6 23. Ke3 g5 24. f3 Ne7 25. g4 Ke5 26. c4 Nc6 27. g3 Nb4 28. f4+ gxf4+ 29. gxf4+ Ke6 30. a3 Nc2+ 31. Kd3 Ne1+ 32. Ke2 Ng2 33. Kf3 Ne1+ 34. Ke2 Ng2 35. Kf3 {[%emt 0:00:04] Weighted Error Value: White=0.05 (flawless) /Black=0.02 (flawless) .  Inaccurate:     	White=2     	---        OK:         	White=14    	Black=15} 1/2-1/2

[Event "Serbian League 2024"]
[Site "Bajina Basta"]
[Date "2024.09.30"]
[Round "4.6"]
[White "Radovanovic, Mihajlo"]
[Black "Pezelj, Novak"]
[Result "0-1"]
[ECO "B06"]
[WhiteElo "2426"]
[BlackElo "2460"]
[Annotator "TA"]
[PlyCount "60"]
[EventDate "2024.09.26"]
[EventType "team-tourn"]
[EventCountry "SRB"]
[SourceTitle "playchess.com"]
[Source "ChessBase"]
[SourceQuality "1"]
[TimeControl "40/5400+30:1800+30"]

1. e4 g6 2. d4 Bg7 3. Nc3 d6 4. Be3 a6 5. h4 h5 6. Qd2 b5 7. O-O-O Bb7 8. f3 {[%emt 0:01:32] White is slightly better.} Nd7 9. Nh3 e6 10. Ng5 Ne7 (10... Ngf6 $11) 11. Kb1 $16 Nb6 12. Qf2 Qd7 13. g3 d5 14. Bc1 (14. Bh3 $16) 14... f6 15. Nh3 b4 16. Ne2 dxe4 17. fxe4 Bxe4 18. Bg2 Bxg2 19. Qxg2 Qc6 20. Qf2 O-O-O $36 {[%emt 0:03:46][%mdl 2048] Black has good play.} 21. Nhf4 a5 (21... e5 $6 22. Nxg6 Nxg6 23. Qf5+ Kb7 24. Qxg6 $14) 22. d5 Nbxd5 {[%emt 0:07:17] [#] Hoping for ...f5.} (22... exd5 23. Nd4 Qd7 24. Nde6 $16) 23. Qa7 $2 {[%emt 0:10:03][%mdl 8192] Now White is beyond hope.} (23. Nd4 $11 {and White is okay.} Qb6 24. Nfxe6) 23... e5 $19 24. Nxd5 Rxd5 25. c4 (25. Rxd5 $142 Qxd5 (25... Nxd5 $2 26. Qxa5 $19) 26. Rh2) 25... Rxd1 {[%emt 0:01:48] Black is clearly winning.} 26. Rxd1 Rd8 {[%emt 0:00:12] [#] ( -> ...Qe4+)} ({Not} 26... Qxc4 27. Qa8#) 27. Bd2 (27. Re1 $142) 27... Qe4+ (27... Qxc4 $2 {perishes.} 28. Qa8+ Kd7 29. Bc1+ Ke6 30. Qxd8 Qxe2 31. Rd7 $18) 28. Kc1 Qxc4+ 29. Kb1 Qxe2 30. Rc1 Qe4+ {[%emt 0:00:41] Weighted Error Value: White=0.53/Black=0.16 (very precise) .  Loses game:     	White=1     	---        Mistake:       	White=3     	Black=1      Inaccurate:     	White=2     	Black=3      OK:         	White=8     	Black=9      Best:        	White=1     	Black=2} ({Stronger than} 30... Rxd2 31. Qxc7#) 0-1

[Event "Serbian League 2024"]
[Site "Bajina Basta"]
[Date "2024.09.30"]
[Round "4.7"]
[White "Hovhannisyan, Robert"]
[Black "Visakh N R"]
[Result "1-0"]
[ECO "C48"]
[WhiteElo "2619"]
[BlackElo "2504"]
[Annotator "TA"]
[PlyCount "151"]
[EventDate "2024.09.26"]
[EventType "team-tourn"]
[EventCountry "SRB"]
[SourceTitle "playchess.com"]
[Source "ChessBase"]
[SourceQuality "1"]
[TimeControl "40/5400+30:1800+30"]

1. e4 e5 2. Nf3 Nc6 3. Nc3 Nf6 4. Bb5 Nd4 5. Nxd4 exd4 6. e5 dxc3 7. exf6 Qxf6 8. dxc3 Bc5 9. Qe2+ Qe7 10. a4 c6 11. Bd3 d5 {[%emt 0:01:04] The position is equal.} 12. Qxe7+ Kxe7 13. b4 Bd6 14. Bg5+ f6 15. Be3 a5 16. b5 Kf7 17. h4 h5 18. bxc6 bxc6 19. Rb1 Ba6 (19... Bd7 $11) 20. Kd2 $14 Bxd3 21. Rb7+ Kg6 22. Kxd3 Rhe8 23. Rb6 $1 Rec8 24. c4 dxc4+ 25. Kxc4 Rc7 (25... Kf5 $14) 26. Rd1 $16 Bf8 27. Rdb1 Rcc8 {[%emt 0:00:06] Inhibits Rb8.} 28. Bd4 Kf5 29. R1b3 Kg4 30. Rg3+ Kf5 31. Bc5 {[%emt 0:01:27] White has more active pieces.} Bxc5 (31... g5 $142) 32. Kxc5 {[%emt 0:00:04][%mdl 4096] Endgame. KRR-KRR} Ra7 33. c4 Re7 34. Rxc6 Re5+ (34... Rb8 $16) 35. Kb6 $18 Rb8+ 36. Ka6 $1 Rb4 37. Ra3 (37. Rxg7 $6 Rxa4 38. Rg3 Re4) 37... Rb2 38. Rf3+ Kg4 39. Rb6 Rc2 40. Rb7 g5 41. hxg5 (41. Rxf6 $6 Rxc4 42. Rb5 Re8 $16) 41... Rxg5 42. Rc7 (42. Rxf6 $6 Rxc4 43. Rb3 Rg8 $16) 42... Ra2 $2 (42... f5 43. Rg3+ (43. Kxa5 h4 $18) 43... Kf4 44. Rxg5 (44. Kxa5 Rxg3 45. fxg3+ Kxg3 $11) 44... Kxg5) 43. Rd7 (43. Rxf6 Rxa4 44. c5 Rc4 $18) 43... h4 44. Rxf6 (44. Rc3 $142) 44... Rxa4 45. Rd4+ Kh5 46. Rf8 {[%emt 0:00:00] Rff4 would now be deadly.} Ra2 (46... Rc5 $16) 47. Rh8+ Kg6 48. Rdxh4 (48. Rhxh4 Rxf2 49. Rh8 Kg7 $14) 48... a4 $2 (48... Rf5 {was necessary.} 49. R8h6+ Kg7) 49. Rg8+ Kf5 50. Rf8+ Ke6 51. Rh6+ $1 Ke7 52. Rb8 {[%emt 0:00:00] And now Rb7+ would win.} Kf7 53. Rh7+ Kg6 54. Rh3 (54. Rg8+ $18 Kxh7 55. Rxg5) 54... Kg7 55. Rb7+ Kg6 56. Rb6+ Kg7 57. Rb7+ Kg6 $1 58. Rb4 {[%emt 0:00:57] Rc3 is the strong threat.} Rxg2 $2 (58... Rxf2 $16 59. Rc3 (59. Rxa4 Rf6+ 60. Kb7 Rf7+ 61. Kc6 Rf6+ 62. Kb7 Rxg2 $11) 59... Rf8) 59. Kb5 $2 ({White should try} 59. Rc3 $18) 59... a3 (59... Rg5+ $1 $11 60. c5 a3) 60. c5 (60. Rhb3 $16) 60... Rgxf2 $11 61. Rg3+ Kf7 62. Rc3 Rfc2 $2 {[%emt 0:00:00][%mdl 8192] [#]} (62... Ke6 $11) 63. Rf3+ $1 $18 Ke6 64. Kc6 Ke5 {[%emt 0:00:00] Repels Re4+} 65. Re3+ Kf5 66. Rf3+ Ke5 67. Re3+ Kf5 $1 68. Ra4 Ra1 69. Rf3+ (69. Rexa3 Re1 $11) 69... Ke5 70. Re3+ $2 ({Not} 70. Raxa3 Rac1 $11) (70. Rfxa3 Re1 71. Ra1) 70... Kf5 $1 71. Raxa3 {[%emt 0:01:00] White is clearly winning.} ({And not} 71. Rexa3 Re1 $11) 71... Rac1 {[%emt 0:00:00] [#]} 72. Ra5 $1 Kf6 73. Rb5 Kf5 74. Reb3 {[%emt 0:00:42] Strongly threatening Rb1.} Ke6 75. R3b4 Ke5 (75... Rh1 $142 76. Re4+ Kf6) 76. Rb1 {[%emt 0:00:37] Weighted Error Value: White=0.24 (precise) /Black=0.28 (precise) .  Loses game:     	---       	Black=2      Missed win:     	White=1     	---        Mistake:       	White=4     	Black=8      Inaccurate:     	White=3     	Black=3      OK:         	White=30    	Black=19     Best:        	White=6     	Black=10     Strong:       	White=3     	Black=3} 1-0

[Event "Serbian League 2024"]
[Site "Bajina Basta"]
[Date "2024.09.30"]
[Round "4.8"]
[White "Vignesh N R"]
[Black "Grigoryan, Karen H."]
[Result "1/2-1/2"]
[ECO "B11"]
[WhiteElo "2511"]
[BlackElo "2569"]
[Annotator "RC"]
[PlyCount "47"]
[EventDate "2024.09.26"]
[EventType "team-tourn"]
[EventCountry "SRB"]
[SourceTitle "playchess.com"]
[Source "ChessBase"]
[SourceQuality "1"]
[TimeControl "40/5400+30:1800+30"]

1. e4 c6 2. Nc3 d5 3. Nf3 Bg4 4. h3 Bxf3 5. Qxf3 e6 6. Be2 Bc5 7. Qg3 Bd4 8. exd5 exd5 9. O-O Nd7 10. Bd1 Ne7 11. Ne2 Be5 12. Qf3 Ng6 13. d4 Bd6 14. c3 Qf6 15. Qe3+ Qe6 16. Bc2 Qxe3 17. Bxe3 O-O 18. Rae1 Rfe8 19. g3 Ngf8 20. Nf4 g6 21. Kg2 Ne6 22. Nd3 Re7 23. f4 Rae8 24. Ne5 1/2-1/2